 Dungeon Crawl Stone Soup version 0.17.0-7-gfadd4cc (webtiles) character file.

308 Laguna the Covert (level 6, -5/28 HPs)
             Began as a Spriggan Enchanter on Nov 8, 2015.
             Slain by an orc priest
             ... wielding a +2 dagger of holy wrath
              (6 damage)
             ... on level 4 of the Dungeon.
             The game lasted 00:17:57 (3801 turns).

Laguna the Covert (Spriggan Enchanter)              Turns: 3801, Time: 00:17:57

Health: -5/28      AC:  3    Str:  5    XL:     6   Next: 17%
Magic:  12/12      EV: 18    Int: 17    God:
Gold:   117        SH:  0    Dex: 17    Spells: 1 memorised, 10 levels left

rFire  . . .     SeeInvis +     e - +1 short sword (venom)
rCold  . . .     Clarity  .     b - +1 robe
rNeg   . . .     SustAt   .     (shield restricted)
rPois  .         Gourm    .     (helmet restricted)
rElec  .         Spirit   .     (no cloak)
rCorr  .         Warding  .     (gloves unavailable)
rMut   .         Stasis   .     (boots unavailable)
MR     +....                    (no amulet)
Stlth  ++++......               (no ring)
                                (no ring)

@: very quick, somewhat resistant to hostile enchantments, stealthy
A: unfitting armour, see invisible, herbivore 3, speed 3, slow metabolism 2
a: no special abilities


You were on level 4 of the Dungeon.
You were hungry.

You visited 1 branch of the dungeon, and saw 4 of its levels.

You collected 117 gold pieces.

Inventory:

Hand Weapons
 a - a +1 dagger
 e - a +1 short sword of venom (weapon)
Armour
 b - a +1 robe (worn)
Scrolls
 f - a scroll of immolation
 g - 3 scrolls of identify
 h - a scroll of amnesia {unknown}
 l - 2 scrolls of remove curse
 m - a scroll of teleportation {unknown}
 o - a scroll of fear {unknown}
 s - a scroll of blinking {unknown}
 t - a scroll of random uselessness {unknown}
 u - a scroll of noise {unknown}
 v - a scroll of enchant armour {unknown}
Potions
 k - a potion of might
 n - a potion of degeneration {unknown}
 p - 2 potions of brilliance {unknown}
 q - a potion of resistance
 r - a potion of curing {unknown}
Books
 c - a book of Maledictions

   Spells                             Type                      Level
   a - Corona                         Hexes                        1
   b - Ensorcelled Hibernation        Hexes/Ice                    2
   c - Confuse                        Hexes                        3
   d - Tukima's Dance                 Hexes                        3
   e - Dazzling Spray                 Conjuration/Hexes            3
Comestibles
 d - 4 bread rations
 i - 2 slices of pizza
 j - 10 fruits


   Skills:
 + Level 4.2 Short Blades
 - Level 3.2 Dodging
 - Level 8.1 Stealth
 + Level 3.4 Spellcasting
 - Level 3.9 Hexes


You had 10 spell levels left.
You knew the following spells:

 Your Spells              Type           Power        Failure   Level  Hunger
a - Corona                Hex            ###....      3%          1    None


Dungeon Overview and Level Annotations

Branches:
Dungeon (4/15)
 Temple: D:4-7

Altars:

Annotations:
D:3 Britaniac's ghost, amateur NaFi


Innate Abilities, Weirdness & Mutations

You are tiny and cannot use many weapons and most armour.
You have supernaturally acute eyesight.
You are a herbivore.
You cover ground extremely quickly.
You need consume almost no food.


Message History

Something smites you! The orc hits you with a short sword.
You hit the orc.
The orc looks even sicker.
The orc is heavily wounded.
The orc priest miscasts a cantrip.
The orc misses you.
You hit the orc.
You kill the orc!
The orc priest hits you with a dagger of holy wrath.
* * * LOW HITPOINT WARNING * * *
You hit the orc priest but do no damage.
The orc priest is poisoned.
The orc priest calls down the wrath of Beogh upon you.
Something smites you!
* * * LOW HITPOINT WARNING * * *
You hit the orc priest.
The orc priest is moderately wounded.
You hit the orc priest.
The orc priest looks even sicker.
The orc priest is heavily wounded.
The orc priest hits you with a dagger of holy wrath.
You die...

...<...#..## #.### ##..
####.......#### #...# #..
#.#........######.####..
#.###...##.............. #.
#############...##..
#.......... #####..........
######..............
.#.#####oo@...###..........
......).o###### #.###..#.##
.######### ..# ###.# #### #


You could see an orc priest and 2 orcs.

Vanquished Creatures
  A scorpion (D:4)
  A hound (D:4)
  An orc priest (D:3)
  2 orc wizards (D:4)
  A worker ant (D:4)
  Robin (D:3)
  An adder (D:2)
  An ooze (D:3)
  A worm (D:2)
  5 orcs
  5 giant cockroaches
  17 goblins
  13 hobgoblins
  16 kobolds
  8 bats
  2 giant geckos (D:2)
  2 giant newts (D:1)
  6 jackals
  6 rats
90 creatures vanquished.

Notes
Turn   | Place    | Note
--------------------------------------------------------------
     0 | D:1      | Laguna the Spriggan Enchanter began the quest for the Orb.
     0 | D:1      | Reached XP level 1. HP: 9/9 MP: 5/5
   400 | D:1      | Reached XP level 2. HP: 10/13 MP: 6/6
   437 | D:1      | Reached skill level 5 in Stealth
   900 | D:1      | Reached XP level 3. HP: 11/16 MP: 8/8
  2189 | D:2      | Reached skill level 6 in Stealth
  2307 | D:3      | Reached XP level 4. HP: 21/21 MP: 9/9
  2918 | D:3      | Noticed Robin
  2941 | D:3      | Killed Robin
  2982 | D:3      | Noticed Britaniac's ghost (amateur NaFi)
  3056 | D:3      | Reached skill level 7 in Stealth
  3204 | D:3      | Reached XP level 5. HP: 10/24 MP: 10/10
  3690 | D:4      | Reached skill level 8 in Stealth
  3766 | D:4      | Reached XP level 6. HP: 24/28 MP: 10/12
  3799 | D:4      | HP: 1/28 [orc priest/divine providence (7)]
  3801 | D:4      | Slain by an orc priest

Action                   |  1- 3 |  4- 6 || total
-------------------------+-------+-------++-------
Melee: Short sword       |   130 |   116 ||   246
       Dagger            |     3 |       ||     3
  Use: Scroll            |     3 |       ||     3
 Stab: Sleeping          |    11 |     6 ||    17
       Distracted        |     1 |     1 ||     2
